 Dungeon Crawl Stone Soup version 0.29.1-2-gbd0b4ee654 (webtiles) character file.

Game seed: 6973281315928051607

7752 Firos the Cruncher (level 11, -1/129 (141) HPs)
             Began as a Minotaur Gladiator on Nov 10, 2022.
             Was a High Priest of Okawaru.
             Slain by a wight
             ... wielding a +3 mace of freezing
              (5 damage)
             ... on level 9 of the Dungeon.
             The game lasted 00:22:52 (10366 turns).

Firos the Cruncher (Minotaur Gladiator)            Turns: 10366, Time: 00:22:52

HP:   -1/129 (141)  AC: 29    Str: 18 (20) XL:     11   Next: 0%
MP:   11/11         EV:  2    Int:  3 (5)  God:    Okawaru [*****.]
Gold: 315           SH:  0    Dex: 12 (15) Spells: 10/10 levels left

rFire   . . .      SeeInvis .   a - +1 quarterstaff
rCold   . . .      Faith    .   (shield currently unavailable)
rNeg    . . .      Spirit   .   (body armour currently unavailable)
rPois   +          Reflect  .   (helmet currently unavailable)
rElec   .          Harm     .   (cloak currently unavailable)
rCorr   .          Rampage  .   (gloves currently unavailable)
Will    .....      NoTele   +   (boots currently unavailable)
Stlth   +.........              (no amulet)
HPRegen 0.31/turn               r - +4 ring of protection
MPRegen 0.12/turn               j - ring of flight

@: tree-form, studying Armour, drained
A: stationary, stasis, torment immunity, boosted hp, (horns 2), (retaliatory
headbutt)
a: Renounce Religion, Heroism, Finesse, Duel


You were on level 9 of the Dungeon.
You worshipped Okawaru.
Okawaru was extremely pleased with you.
You were a tree.
You visited 2 branches of the dungeon, and saw 10 of its levels.

You collected 504 gold pieces.
You spent 189 gold pieces at shops.

Inventory:

Hand Weapons
 a - a +1 quarterstaff (weapon)
 b - a +0 shortbow
Missiles
 d - 3 throwing nets (quivered)
 e - 2 javelins
Armour
 c - a +0 hat (melded)
 m - a +0 plate armour (melded)
 D - a +0 cloak (melded)
Jewellery
 j - a ring of flight (right branch)
 r - a +4 ring of protection (left branch)
Wands
 p - a wand of iceblast (10)
 t - a wand of quicksilver (13)
 v - a wand of mindburst (34)
 w - a wand of polymorph (3)
 B - a wand of flame (16)
Scrolls
 f - 2 scrolls of enchant armour
 k - a scroll of torment
 o - 3 scrolls of fear
 q - 3 scrolls of butterflies
 u - a scroll of immolation
 x - a scroll of magic mapping
 y - a scroll of enchant weapon
Potions
 g - 2 potions of mutation
 h - a potion of magic
 i - 2 potions of curing
 l - a potion of cancellation
 n - 2 potions of brilliance
 E - a potion of degeneration


   Skills:
 + Level 8.0 Fighting
 * Level 11.5 Staves
 * Level 7.6 Ranged Weapons
 - Level 5.6 Throwing
 + Level 10.8 Armour
 + Level 7.8 Dodging
 + Level 1.6 Invocations


You had 10 spell levels left.
You didn't know any spells.
Your spell library contained the following spells:

 Spells                   Type           Power      Damage    Failure   Level
 Ozocubu's Armour         Ice            0%         N/A       88%         3
 Portal Projectile        Hex/Tloc       0%         N/A       88%         3
 Cause Fear               Hex            0%         N/A       99%         4
 Leda's Liquefaction      Hex/Erth       0%         N/A       99%         4
 Dragon Form              Tmut           0%         N/A       100%        7
 Ozocubu's Refrigeration  Ice            0%         4d7       100%        7
 Call Canine Familiar     Summ           Unusable   N/A       N/A         3
 Dragon's Call            Summ           Unusable   N/A       N/A         9

Dungeon Overview and Level Annotations

Branches:
Dungeon (9/15)             Temple (1/1) D:4            Lair (0/5) D:9
    Orc: D:9-12

Altars:
Ashenzari
Cheibriados
Dithmenos
Elyvilon
Fedhas
Gozag
Kikubaaqudgha
Makhleb
Nemelex Xobeh
Okawaru
Qazlal
Ru
Sif Muna
Trog
Uskayaw
Vehumet
Wu Jian
Xom
Yredelemnul
Zin
The Shining One

Shops:
D:4 *   D:5 *   D:7 [

Portals:
Abyss: D:5

Annotations:
D:5 2 transporters, WanderingOwl's ghost, amateur DsAK


Innate Abilities, Weirdness & Mutations

You are a tree.
Your roots penetrate the ground, keeping you stationary.
You cannot be teleported.
You are immune to unholy pain and torment.
Your maximum health is greatly increased.
Your equipment is partially melded.
((You have a pair of horns on your head.))
((You reflexively headbutt those who attack you in melee.))


Message History

The bullfrog hits you but does no damage.
The wight hits you but does no damage.
You sock the bullfrog!
You kill the bullfrog!
Okawaru accepts your kill. Okawaru grants you throwing weapons!
Something appears at your feet!
You have reached level 11!
You hit the howler monkey.
The howler monkey is moderately wounded.
The howler monkey hoots and howls with incredible vigour!
The wight hits you but does no damage.
You hit the howler monkey.
The howler monkey is heavily wounded.
The howler monkey hits you but does no damage.
The wight hits you with a +3 mace of freezing!
* * * LOW HITPOINT WARNING * * *
The wight freezes you.
* * * LOW HITPOINT WARNING * * *
You thump the howler monkey!
You kill the howler monkey!
Okawaru accepts your kill.
You closely miss the wight.
The wight hits you with a +3 mace of freezing!
* * * LOW HITPOINT WARNING * * *
The wight freezes you.
* * * LOW HITPOINT WARNING * * *
You hit the wight but do no damage.
The wight hits you with a +3 mace of freezing.
* * * LOW HITPOINT WARNING * * *
The wight freezes you.
* * * LOW HITPOINT WARNING * * *
You barely miss the wight.
The wight hits you with a +3 mace of freezing.
* * * LOW HITPOINT WARNING * * *
The wight freezes you.
* * * LOW HITPOINT WARNING * * *
You hit the wight but do no damage.
The wight hits you with a +3 mace of freezing.
You die...

..........####..# ####
########........# ....
#........# .....
#..####..## ..... #..#
#.... ...... #..# #.†..
......########..# #..##
......))........####..#
......z♣...........)..#
......########........#
..... #........# ....
#<.......# ...
#.......[# ..
#........# . #........#
##########


You could see a wight.

Vanquished Creatures
  A two-headed ogre (D:8)
  Psyche (D:8)
  A komodo dragon (D:9)
  A troll (D:9)
  Sigmund (D:2)
  13 yaks
  A steam dragon (D:8)
  Edmund (D:4)
  Duvessa (D:4)
  2 orc warriors
  2 ice beasts (D:6)
  5 black bears
  3 ogres
  3 centaurs
  3 phantoms
  A kobold brigand (D:8)
  3 bullfrogs
  2 scorpions
  8 wights
  Dowan (D:4)
  11 killer bees
  3 howler monkeys (D:9)
  2 hounds
  4 jellies
  3 orc priests
  4 gnoll boudas
  2 iguanas
  9 orc wizards
  Robin (D:2)
  20 gnolls
  6 adders
  4 shadow imps
  3 white imps
  2 ufetubi
  A worm (D:2)
  19 orcs
  4 bats
  4 endoplasms
  4 giant cockroaches
  16 goblins
  6 hobgoblins
  6 jackals
  7 kobolds
  5 quokkas
  4 ball pythons (D:4)
  2 frilled lizards
  6 rats
212 creatures vanquished.

Vanquished Creatures (others)
  28 fungi (D:9)
  33 plants (D:9)
61 creatures vanquished.

Grand Total: 273 creatures vanquished

Notes
Turn   | Place    | Note
-------+----------+-------------------------------------------
     0 | D:1      | Firos the Minotaur Gladiator began the quest for the Orb.
     0 | D:1      | Reached XP level 1. HP: 18/18 MP: 0/0
    80 | D:1      | Reached XP level 2. HP: 20/25 MP: 1/1
   196 | D:1      | Reached skill level 4 in Staves
   630 | D:1      | Reached skill level 1 in Armour
   835 | D:2      | Identified a scroll of acquirement
   835 | D:2      | Acquired a manual of Armour
   933 | D:2      | Reached XP level 3. HP: 13/30 MP: 2/2
  1156 | D:2      | Noticed Robin
  1174 | D:2      | Killed Robin
  1177 | D:2      | Reached XP level 4. HP: 37/38 MP: 3/3
  1624 | D:2      | Noticed Sigmund
  1640 | D:2      | Killed Sigmund
  1641 | D:2      | Reached skill level 5 in Staves
  1641 | D:2      | Reached XP level 5. HP: 32/46 MP: 4/4
  2148 | D:3      | Reached XP level 6. HP: 52/52 MP: 5/5
  2149 | D:3      | Found a glowing silver altar of Zin.
  2497 | D:3      | Found a faded altar of an unknown god.
  2740 | D:4      | Reached skill level 6 in Staves
  2811 | D:4      | Found a shadowy altar of Dithmenos.
  2866 | D:4      | Found a staircase to the Ecumenical Temple.
  2894 | Temple   | Entered the Ecumenical Temple
  2996 | Temple   | Became a worshipper of Warmaster Okawaru
  3246 | D:4      | Found Wishugyc's Assorted Antiques.
  3261 | D:4      | Noticed Duvessa
  3261 | D:4      | Noticed Dowan
  3272 | D:4      | Killed Duvessa
  3273 | D:4      | Reached XP level 7. HP: 54/60 MP: 6/6
  3286 | D:4      | Killed Dowan
  3287 | D:4      | Reached skill level 5 in Armour
  3554 | D:4      | Reached * piety under Okawaru
  3574 | D:4      | Reached skill level 7 in Staves
  3577 | D:4      | Reached skill level 5 in Dodging
  3810 | D:4      | Noticed Edmund
  3843 | D:4      | Killed Edmund
  3844 | D:4      | Reached skill level 5 in Fighting
  3844 | D:4      | Reached XP level 8. HP: 41/68 MP: 7/7
  4070 | D:4      | Bought a shiny opal ring for 135 gold pieces
  4257 | D:5      | Entered Level 5 of the Dungeon
  4258 | D:5      | Found Nibiducw's General Store.
  4338 | D:5      | Found a transporter.
  4360 | D:5      | Reached ** piety under Okawaru
  4363 | D:5      | Reached skill level 8 in Staves
  4406 | D:5      | Reached skill level 1 in Ranged Weapons
  4717 | D:5      | Identified the +1 robe "Lyme" {Will+}
  4834 | D:5      | Found a one-way gate to the infinite horrors of the Abyss.
  4834 | D:5      | Noticed WanderingOwl's ghost (amateur DsAK)
  4861 | D:5      | Found a burning altar of Makhleb.
  4868 | D:5      | Found a transporter.
  5101 | D:5      | Found a bloodstained altar of Trog.
  5420 | D:6      | Reached XP level 9. HP: 52/74 MP: 8/8
  5422 | D:6      | Reached skill level 5 in Throwing
  5592 | D:6      | Reached *** piety under Okawaru
  5857 | D:6      | Found an opulent altar of Gozag.
  6026 | D:6      | Reached skill level 9 in Staves
  6639 | D:7      | Found Zero's Armour Boutique.
  6647 | D:7      | Bought a +0 cloak for 54 gold pieces
  6800 | D:7      | Found a shimmering blue altar of Sif Muna.
  7586 | D:8      | Noticed Psyche
  7608 | D:8      | Killed Psyche
  7610 | D:8      | Reached skill level 5 in Ranged Weapons
  7621 | D:8      | Reached **** piety under Okawaru
  7954 | D:8      | Received a gift from Okawaru
  7955 | D:8      | Reached skill level 10 in Staves
  8220 | D:8      | Reached XP level 10. HP: 60/86 MP: 6/9
  8423 | D:8      | Found a shimmering altar of Xom.
  8432 | D:8      | Identified the +10 falchion of the Boar {vorpal, rC+ Will+}
  8452 | D:8      | Noticed a two-headed ogre
  8462 | D:8      | Killed a two-headed ogre
  8885 | D:9      | Reached skill level 10 in Armour
  9423 | D:9      | Reached skill level 11 in Staves
  9432 | D:9      | Reached ***** piety under Okawaru
  9549 | D:9      | Found a staircase to the Lair.
  9576 | D:9      | Received a gift from Okawaru
  9890 | D:9      | Reached skill level 1 in Invocations
 10335 | D:9      | Paralysed by a wight for 3 turns
 10359 | D:9      | Received a gift from Okawaru
 10360 | D:9      | Reached XP level 11. HP: 35/86 MP: 11/11
 10364 | D:9      | HP: 6/129 [wight/+3 mace of freezing (4)]
 10366 | D:9      | Slain by a wight

Illustrated notes

Levels and vault maps discovered:
D:1:      co_arrival_random_square_maze, layout_loops_ring,
          corexii_leaking_fountain, minmay_misc_feat_pillars
D:2:      layout_basic, uniq_sigmund, uniq_robin
D:3:      layout_rooms, mainiacjoe_overflow_brackets,
          shapermc_ecumenical_altar_hornbeckon
D:4:      layout_cave_pods, kennysheep_mini_moat, temple_green,
          grunt_ministairs_3, st_stairs_1, nicolae_inconvenience_store,
          uniq_duvessa, uniq_edmund
D:5:      layout_cave_pools, amcnicky_altar_gilded, trog_antimagical,
          serial_shops, nicolae_shop_waterfront, gammafunk_ghost_abyssal_escape,
          grunt_ministairs_2
D:6:      layout_basic, lemuel_coloured_pillars_altar
D:7:      layout_rooms, nicolae_overflow_hidden_temple, serial_curves,
          eino_curves_03, eino_curves_02, serial_shops, shop,
          minmay_statues_item
D:8:      layout_basic, mainiacjoe_overflow_boulevard, uniq_psyche
D:9:      layout_small_grid, due_lair_maze_entry_diamond, minmay_strange_pillars
Temple:   compressed_dpeg_circular_temple

Skill      XL: |  1  2  3  4  5  6  7  8  9 10 |
---------------+-------------------------------+-----
Staves         | 4 5 6 7 8 10 11 | 11.5
Armour         | 1 2 3 4 6 7 9 10 | 10.8
Fighting       | 3 4 5 6 7 8 |  8.0
Throwing       | 3 4 5 |  5.6
Dodging        | 4 5 6 7 |  7.8
Ranged Weapons | 3 5 7 |  7.6
Invocations    | 1 |  1.6

Action                   |  1- 3 |  4- 6 |  7- 9 | 10-12 || total
-------------------------+-------+-------+-------+-------++-------
Melee: Quarterstaff      |    52 |   117 |   331 |   206 ||   706
       Headbutt          |     3 |    23 |    78 |    51 ||   155
 Fire: Shortbow          |       |       |    32 |    14 ||    46
Invok: Heroism           |       |       |     3 |     4 ||     7
  Use: Scroll            |     3 |     8 |     3 |     9 ||    23
       Potion            |       |     2 |     7 |     4 ||    13
Armor: Ring mail         |     4 |       |       |       ||     4
       Scale mail        |     4 |    50 |   101 |       ||   155
       Plate armour      |       |       |    37 |   149 ||   186
       Skin              |       |       |       |    19 ||    19
Dodge: Dodged            |    21 |    67 |   163 |   126 ||   377
